 Dungeon Crawl Stone Soup version 0.30-a0-626-gd6a5dd7a1f (webtiles) character file.

Game seed: 8643762060007940543

146 NinjaNoafa the Insei (level 5, -7/34 HPs)
             Began as an Octopode Transmuter on Jan 11, 2023.
             Killed from afar by Ijyb (10 damage)
             ... with a bolt of acid
             ... on level 3 of the Dungeon.
             The game lasted 00:02:16 (2088 turns).

NinjaNoafa the Insei (Octopode Transmuter)          Turns: 2088, Time: 00:02:16

Health: -7/34      AC:  1    Str: 15    XL:     5   Next: 28%
Magic:  8/9        EV: 13    Int: 17    God:
Gold:   127        SH:  0    Dex: 13    Spells: 6/9 levels left

rFire   + . .      SeeInvis .      - Unarmed
rCold   . . .      Faith    .    (no shield)
rNeg    . . .      Spirit   .    (helmet currently unavailable)
rPois   .          Reflect  .    (no amulet)
rElec   .          Harm     .    h - ring of protection from fire
rCorr   .          Rampage  .    (no ring)
Will    .....                    l - +6 ring of strength
Stlth   ++                       (no ring)
HPRegen 0.25/turn                (no ring)
MPRegen 0.11/turn                (no ring)
                                 (no ring)
                                 (no ring)

@: appendages
A: tentacle spike 3, almost no armour, amphibious, 8 rings, camouflage 1,
gelatinous body 1, (nimble swimmer 1), tentacles
a: End Transformation


You were on level 3 of the Dungeon.
One of your tentacles had grown a beastly spike.
You visited 1 branch of the dungeon, and saw 3 of its levels.

You collected 127 gold pieces.

Inventory:

Missiles
 m - 2 poisoned darts
Jewellery
 h - a ring of protection from fire (left tentacle)
 j - a ring of fire
 l - a +6 ring of strength (on tentacle)
Scrolls
 c - 2 scrolls of fog {unknown}
 d - a scroll of noise {unknown}
 e - a scroll of magic mapping {unknown}
 g - a scroll of vulnerability {unknown}
 o - a scroll of silence {unknown}
Potions
 a - a potion of lignification
 b - 2 potions of flight {unknown}
 f - a potion of heal wounds {unknown}
 i - 2 potions of degeneration {unknown}
 k - a potion of attraction {unknown}
 n - 2 potions of cancellation {unknown}


   Skills:
 + Level 2.3 Fighting
 - Level 2.0 Dodging
 + Level 3.6 Unarmed Combat
 + Level 2.7 Spellcasting
 * Level 3.6 Transmutations


You had 6 spell levels left.
You knew the following spells:

 Your Spells              Type           Power      Damage    Failure   Level
a - Beastly Appendage     Tmut           28%        N/A       4%          1
b - Wereblood             Tmut           14%        N/A       6%          2

Your spell library contained the following spells:

 Spells                   Type           Power      Damage    Failure   Level
 Spider Form              Tmut/Pois      8%         N/A       26%         3
 Ice Form                 Ice/Tmut       8%         N/A       63%         4
 Iskenderun's Battlesphe  Conj           2%         2d6       99%         5
 Iron Shot                Conj/Erth      1%         9d1       100%        6
 Spellforged Servitor     Conj/Summ      1%         N/A       100%        7


Dungeon Overview and Level Annotations

Branches:
Dungeon (3/15)

Altars:

Annotations:
D:3 Ijyb


Innate Abilities, Weirdness & Mutations

One of your tentacles has grown a beastly spike.
You cannot wear most types of armour.
You are amphibious.
You can wear up to eight rings at the same time.
Your skin changes colour to match your surroundings (Stealth+).
Your rubbery body absorbs attacks. (AC +1, EV +1)
((You are camouflaged when in or above water. (Stealth+)))
You have tentacles for arms and can constrict up to eight enemies at once.


Message History

Items here: ( ))) [ †††.
Okay, then.
Your primal bloodlust has ended.
A giant cockroach comes into view.
A giant cockroach is nearby!
A giant cockroach is nearby!
A giant cockroach is nearby!
A giant cockroach is nearby!
The giant cockroach bites you.
You tentacle-slap the giant cockroach. You grab the giant cockroach.
You tentacle-slap the giant cockroach.
You kill the giant cockroach!
Your tentacle spike disappears.
You see here a giant cockroach corpse.
Magic restored.
You hear the slow rusting of a distant drain.
Key pressed, stopping explore.
HP restored.
Ijyb the Twisted Goblin comes into view.
She is wielding a +0 dagger of freezing and carrying a wand of acid (8).
Found a quarterstaff.
Ijyb is nearby!
You have 8 tentacles available for constriction.
Your movement speed is average.
Your attack delay is about 0.9.
Your damage rating with unarmed combat is about 7 (Base [3 + 3 (UC)] x 112% (Str) x 103% (Fight)).
Your base attributes are Str 9, Int 17, Dex 13.
You see here a giant cockroach corpse.
Ijyb shouts!
Ijyb zaps a wand.
The bolt of acid hits you!!
Ouch! That really hurt!
Casting: Wereblood (safe; 6% risk of failure)
Confirm with . or Enter, or press ? or * to list all spells.
One of your tentacles grows a vicious spike.
Ijyb zaps a wand.
The bolt of acid hits you!
* * * LOW HITPOINT WARNING * * *
Ijyb screams, "It's all mine!"
You see here a giant cockroach corpse.
You see here a rat corpse.
There is a stone staircase leading up here.
Ijyb zaps a wand.
The bolt of acid hits you!
You die...

.... #.##.###.#
.....####........#
....g............#.
........g..........
.)....###†.......##
#.##. #.))......# #
#†))......#
#.###..##.# #@# #.#
#.# ..# ..# .# #..#
. #..# ## .... (...
#....


You could see Ijyb.

Vanquished Creatures
  An orc priest (D:3)
  5 adders (D:2)
  A gnoll (D:1)
  5 dart slugs
  4 orcs (D:3)
  5 endoplasms
  A giant cockroach (D:3)
  3 goblins
  5 hobgoblins
  3 quokkas
  4 ball pythons
  2 bats (D:1)
  4 frilled lizards
  5 kobolds
  2 rats
50 creatures vanquished.

Notes
Turn   | Place    | Note
-------+----------+-------------------------------------------
     0 | D:1      | NinjaNoafa the Octopode Transmuter began the quest for the
                  | Orb.
     0 | D:1      | Reached XP level 1. HP: 13/13 MP: 3/3
    67 | D:1      | Reached XP level 2. HP: 3/18 MP: 1/5
   145 | D:1      | Found a faded altar of an unknown god.
   455 | D:1      | Reached XP level 3. HP: 23/23 MP: 4/6
  1295 | D:2      | Reached XP level 4. HP: 19/29 MP: 5/7
  1299 | D:2      | Learned a level 2 spell: Wereblood
  1821 | D:2      | Identified the +0 ring mail "Ushroebapt" {Drain Will++
                  | Str+2 Int+8}
  2003 | D:3      | Reached XP level 5. HP: 16/34 MP: 5/9
  2077 | D:3      | Noticed Ijyb
  2081 | D:3      | HP: 1/34 [Ijyb/bolt of acid (12)]
  2088 | D:3      | Killed from afar by Ijyb

Illustrated notes

Levels and vault maps discovered:
D:1:      eino_arrival_tree_alley, layout_loops_ring,
          hellmonk_ecumenical_altar_lost_god, minmay_misc_feat_tiny
D:2:      layout_loops_cross, kennysheep_generic_room_11
D:3:      layout_rooms, general_overflow_altar, portal_sewer_entry_b, uniq_ijyb,
          uniq_robin

Skill      XL: |  1  2  3  4 |
---------------+-------------+-----
Transmutations | 3 |  3.6
Fighting       | 2 |  2.3
Dodging        | |  2.0
Unarmed Combat | |  3.6
Spellcasting   | |  2.7

Action                   |  1- 3 |  4- 6 || total
-------------------------+-------+-------++-------
Melee: Unarmed           |    64 |    35 ||    99
       Tentacles         |    12 |     2 ||    14
       Kick              |    21 |    11 ||    32
       Constrict         |    17 |    10 ||    27
       Punch             |     1 |     1 ||     2
 Cast: Beastly Appendage |    24 |     8 ||    32
       Wereblood         |       |     2 ||     2
 Stab: Sleeping          |     6 |     2 ||     8
Armor: Skin              |     1 |     5 ||     6
Dodge: Dodged            |    33 |    34 ||    67

Table legend: (Time is in decaauts)
 A = Elapsed time spent in this place.
 B = Non-inter-level travel time spent in this place.
 C = Inter-level travel time spent in this place.
 D = Time resting spent in this place.
 E = Time spent auto-exploring this place.
 F = Levels seen in this place.
 G = Mean time per level.
                   A        B        C        D        E       F      G
               +--------+--------+--------+--------+--------+-----+--------+
         Total |   2079 |   2015 |     64 |      0 |   1645 |   3 |  693.0 |
       Dungeon |   2079 |   2015 |     64 |      0 |   1645 |   3 |  693.0 |
               +--------+--------+--------+--------+--------+-----+--------+

Top non-repeatable levels by time:
     D:1: 1040 daAuts
     D:2: 941 daAuts
     D:3: 98 daAuts
